 Dungeon Crawl Stone Soup version 0.16.1-30-g34a7ffa (webtiles) character file.

2700 tyrion the Ruffian (level 9, -6/80 HPs)
             Began as a Troll Warper on June 21, 2015.
             Mangled by an ogre
             ... wielding a +0 giant club
              (21 damage)
             ... on level 8 of the Dungeon.
             The game lasted 00:23:24 (6791 turns).

tyrion the Ruffian (Troll Warper)                   Turns: 6791, Time: 00:23:24

Health: -6/80      AC:  9    Str: 21      XL:     9   Next: 38%
Magic:  12/14      EV: 10    Int: 12      God:
Gold:   434        SH:  0    Dex:  8 (9)  Spells: 6 memorised, 2 levels left

rFire  . . .     SeeInvis +       - Unarmed
rCold  . . .     Clarity  .     w - +2 robe {MR+}
rNeg   . . .     SustAb   .     (shield restricted)
rPois  .         Gourm    +     (helmet restricted)
rElec  .         Spirit   .     y - +1 cloak
rCorr  .         Warding  .     (gloves unavailable)
rMut   .         Stasis   .     (boots unavailable)
MR     +....                    (no amulet)
Stlth  ++........               F - ring of see invisible
                                N - ring of stealth

@: somewhat resistant to hostile enchantments, unstealthy
A: unfitting armour, claws 3, fast metabolism 3, gourmand, regeneration 2,
shaggy fur 1, tough skin 2
a: no special abilities


You were on level 8 of the Dungeon.
You were full.

You visited 2 branches of the dungeon, and saw 9 of its levels.

You collected 434 gold pieces.

Inventory:

Missiles
 m - 2 tomahawks (quivered)
 L - 2 tomahawks of returning
Armour
 w - a +2 robe of magic resistance (worn)
 y - a +1 cloak (worn)
Jewellery
 l - an uncursed ring of protection from cold
 q - an uncursed ring of positive energy
 r - an uncursed ring of sustain abilities
 F - a ring of see invisible (right claw)
 M - an uncursed ring of teleportation
 N - a ring of stealth (left claw)
Magical devices
 b - a wand of disintegration (14)
 d - a wand of digging (13)
 e - a wand of lightning (0)
Scrolls
 f - a scroll of remove curse
 g - 3 scrolls of recharging
 o - 2 scrolls of magic mapping
Potions
 h - a potion of agility
 i - 4 potions of heal wounds
 n - a potion of mutation
 s - 2 potions of haste
 t - 2 potions of magic
 x - 2 potions of restore abilities
 z - a potion of cancellation {unknown}
 A - a potion of invisibility
 P - 2 potions of lignification
Books
 c - a book of Spatial Translocations

   Spells                             Type                      Level
   a - Apportation                    Translocation                1
   b - Blink                          Translocation                2
   c - Shroud of Golubria             Charms/Translocation         2
   d - Portal Projectile              Translocation                3
   e - Teleport Other                 Translocation                3
   f - Passage of Golubria            Translocation                4
 J - a book of Maledictions

   Spells                             Type                      Level
   a - Corona                         Hexes                        1
   b - Sure Blade                     Hexes/Charms                 2
   c - Ensorcelled Hibernation        Hexes/Ice                    2
   d - Confuse                        Hexes                        3
   e - Dazzling Spray                 Conjuration/Hexes            3
   f - Enslavement                    Hexes                        4
Comestibles
 a - 3 meat rations
 j - 5 bread rations
 k - 2 royal jellies


   Skills:
 - Level 2.5 Fighting
 - Level 3.4 Throwing
 - Level 0.7 Armour
 - Level 3.6 Dodging
 - Level 2.0 Stealth
 - Level 4.4 Unarmed Combat
 + Level 3.9 Spellcasting
 * Level 4.3 Hexes
 - Level 4.1 Translocations


You had 2 spell levels left.
You knew the following spells:

 Your Spells              Type           Power        Failure   Level  Hunger
a - Apportation           Tloc           ##........   4%          1    #......
b - Blink                 Tloc           N/A          8%          2    ##.....
c - Shroud of Golubria    Chrm/Tloc      #.........   14%         2    ##.....
d - Ensorcelled Hibernat  Hex/Ice        #.....       14%         2    ##.....
e - Confuse               Hex            ##......     14%         3    ###....
f - Dazzling Spray        Conj/Hex       #.......     30%         3    ###....


Dungeon Overview and Level Annotations

Branches:
Dungeon (8/15)             Temple (1/1) D:6
   Lair: D:8-11

Altars:
Ashenzari
Dithmenos
Elyvilon
Fedhas
Gozag
Makhleb
Nemelex Xobeh
Qazlal
Ru
Sif Muna
Trog
Vehumet
Xom
Yredelemnul
Zin
The Shining One

Shops:
D:6 *

Annotations:
D:3 tyrion's ghost, average HEFE
D:7 1 exclusion


Innate Abilities, Weirdness & Mutations

You are too large for most types of armour.
You have claws for hands.
Your metabolism is lightning-fast.
You like to eat raw meat.
You heal very quickly.
You are covered in fur (AC +1).
You have very tough skin (AC +2).


Message History

Confirm with . or Enter, or press ? or * to list all spells.
Okay, then.
Casting: Shroud of Golubria
Confirm with . or Enter, or press ? or * to list all spells.
Aiming: Dazzling Spray
Press: ? - help, Shift-Dir - straight line, f - orc warrior
Aim: an orc warrior, wielding a hand axe and wearing a chain mail (almost dead, bleeding)
The spray of energy hits the orc warrior.
The orc warrior is almost dead.
The orc warrior is dazzled.
The orc warrior is no longer bleeding.
The orc warrior hits you from afar with a glaive.
* * * LOW HITPOINT WARNING * * *
The orc warrior is no longer blind.
The giant frog skeleton barely misses you.
The giant frog skeleton hits you but does no damage.
The giant frog skeleton hits you.
* * * LOW HITPOINT WARNING * * *
The ogre hits you with a giant club!!
You die...

.........##......
.........##.......
o......).##.......#
#oo....))##......#
#.####'#)##......# _ #.#
#.#.##......# ###
#.####.#.##......# #..#
#.o.......o#######...#
##.##.#.o..oo..O@..#
......#.....o..Z...#
......'............#
......#....####....#
###### ........<..# ##.###
#....##### ...........#
#... #.##.....#
...........#
#####.#.######.#
.###.#...##########.#....#
#.#
#.................###.#
#.#


You could see 2 orc warriors, an ogre, 2 orc wizards, an orc and a giant frog
skeleton.

Vanquished Creatures
  Maurice (D:8)
  An orc warrior (D:7)
  2 black bears
  A phantom (D:8)
  An ogre (D:6)
  An ice beast (D:5)
  3 centaurs
  Blork the orc (D:4)
  An elf skeleton (D:4)
  5 scorpions
  6 killer bees (D:7)
  A jelly (D:6)
  A goliath beetle (D:6)
  2 crimson imps (D:5)
  A quasit (D:7)
  An orc priest (D:8)
  6 hounds
  A human zombie (D:4)
  2 iguanas
  4 orc wizards
  7 worker ants
  8 gnolls
  4 shadow imps
  2 giant mites
  9 adders
  5 worms
  An adder zombie (D:6)
  An adder skeleton (D:6)
  2 oozes
  18 orcs
  2 bat skeletons
  5 giant cockroaches
  14 hobgoblins
  10 jackals
  10 kobolds
  4 quokkas
  7 bats
  7 giant geckos
  A giant gecko skeleton (D:5)
  A giant gecko zombie (D:6)
  6 giant newts
  14 goblins
  4 orc skeletons (D:4)
  A quokka skeleton (D:4)
  A quokka zombie (D:7)
  7 rats
193 creatures vanquished.

Notes
Turn   | Place    | Note
--------------------------------------------------------------
     0 | D:1      | tyrion, the Troll Warper, began the quest for the Orb.
     0 | D:1      | Reached XP level 1. HP: 19/19 MP: 2/2
    85 | D:1      | Reached skill level 1 in Stealth
    88 | D:1      | Reached XP level 2. HP: 25/27 MP: 2/2
   327 | D:1      | Reached XP level 3. HP: 33/33 MP: 3/3
   693 | D:1      | Learned a level 2 spell: Blink
   764 | D:2      | Found a sparkling altar of Nemelex Xobeh.
   994 | D:2      | Reached XP level 4. HP: 34/41 MP: 4/4
  1775 | D:3      | Reached skill level 3 in Translocations
  1912 | D:3      | Noticed tyrion's ghost (average HEFE)
  1929 | D:4      | Learned a level 2 spell: Shroud of Golubria
  2018 | D:4      | Noticed Blork the orc
  2032 | D:4      | Killed Blork the orc
  2032 | D:4      | Reached XP level 5. HP: 33/48 MP: 2/5
  2343 | D:4      | Reached skill level 4 in Translocations
  2343 | D:4      | Reached XP level 6. HP: 30/55 MP: 4/7
  2448 | D:4      | Reached skill level 1 in Throwing
  2788 | D:4      | Reached XP level 7. HP: 51/63 MP: 8/8
  2851 | D:5      | Entered Level 5 of the Dungeon
  2856 | D:5      | Found an opulent altar of Gozag.
  2915 | D:5      | Found a deep blue altar of Sif Muna.
  3068 | D:5      | Found a glowing silver altar of Zin.
  3658 | D:6      | Found a staircase to the Ecumenical Temple.
  3765 | Temple   | Entered the Ecumenical Temple
  3865 | D:6      | Found Briazer's General Store.
  3940 | D:6      | Reached XP level 8. HP: 59/72 MP: 7/9
  4481 | D:6      | Learned a level 2 spell: Ensorcelled Hibernation
  4485 | D:6      | Learned a level 3 spell: Confuse
  4844 | D:7      | Reached skill level 1 in Hexes
  5460 | D:6      | Learned a level 3 spell: Dazzling Spray
  5813 | D:7      | Reached XP level 9. HP: 35/80 MP: 5/13
  6318 | D:7      | Paralysed by a wasp for 2 turns
  6464 | D:8      | Noticed Maurice
  6511 | D:8      | Killed Maurice
  6791 | D:8      | Found a shimmering altar of Xom.
  6791 | D:8      | Mangled by an ogre

Action                   |  1- 3 |  4- 6 |  7- 9 || total
-------------------------+-------+-------+-------++-------
Melee: Unarmed           |   107 |   235 |   492 ||   834
Throw: Tomahawk          |       |       |     5 ||     5
 Cast: Shroud of Golubri |       |     6 |    37 ||    43
       Ensorcelled Hiber |       |       |     1 ||     1
       Confuse           |       |       |     4 ||     4
       Dazzling Spray    |       |       |     1 ||     1
Evoke: Wand              |       |       |     4 ||     4
  Use: Scroll            |       |       |    21 ||    21
       Potion            |       |       |     2 ||     2
 Stab: Sleeping          |       |     1 |     2 ||     3
       Distracted        |       |     1 |       ||     1
  Eat: Chunk             |     9 |    17 |    33 ||    59
       Meat ration       |       |       |     2 ||     2
       Pizza             |       |       |     1 ||     1
